 Dungeon Crawl Stone Soup version 0.22-a0-469-gf26638a71f (webtiles) character file.

580 Foic the Covert (level 7, -5/51 HPs)
             Began as a Vampire Assassin on June 11, 2018.
             Slain by a gnoll
             ... wielding a +0 spear
              (9 damage)
             ... on level 4 of the Dungeon.
             The game lasted 00:28:04 (6915 turns).

Foic the Covert (Vampire Assassin)                  Turns: 6915, Time: 00:28:04

Health: -5/51      AC:  6    Str: 11    XL:     7   Next: 13%
Magic:  7/7        EV: 13    Int: 13    God:
Gold:   131        SH:  0    Dex: 17    Spells: 6/6 levels left

rFire    . . .     SeeInvis +   a - +3 dagger
rCold    . . .     Gourm    .   (no shield)
rNeg     + . .     Faith    .   k - +0 leather armour
rPois    .         Spirit   .   p - +0 helmet
rElec    .         Reflect  .   d - +0 cloak
rCorr    .         Harm     .   c - +0 pair of gloves
MR       .....                  (no boots)
Stlth    ++++......             n - amulet of the acrobat
HPRegen  0.17/turn              (no ring)
MPRegen  0.10/turn              (no ring)

@: no status effects
A: fangs 3, see invisible, unbreathing
a: Bat Form


You were on level 4 of the Dungeon.
You were not thirsty.

You visited 1 branch of the dungeon, and saw 5 of its levels.

You collected 151 gold pieces.
You spent 20 gold pieces at shops.

Inventory:

Hand Weapons
 a - a +3 dagger (weapon)
 b - a +0 blowgun
Missiles
 e - 5 poisoned needles
 f - 2 curare-tipped needles
 h - 53 stones
 i - 7 tomahawks (quivered)
 t - 10 bolts
Armour
 c - a +0 pair of gloves (worn)
 d - a +0 cloak (worn)
 k - a +0 leather armour (worn)
 p - a +0 helmet (worn)
Jewellery
 n - an amulet of the acrobat (around neck)
Scrolls
 l - a scroll of remove curse
 u - 2 scrolls of teleportation
Potions
 g - 10 potions of blood
 j - 4 potions of agility {unknown}
 m - a potion of curing {unknown}
 o - a potion of invisibility
 q - a potion of haste {unknown}
 r - a potion of degeneration {unknown}
 s - a potion of flight {unknown}


   Skills:
 + Level 2.7 Fighting
 + Level 4.3 Short Blades
 + Level 1.7 Throwing
 + Level 2.2 Armour
 + Level 2.6 Dodging
 * Level 9.7 Stealth


You had 6 spell levels left.
You didn't know any spells.
Your spell library was empty.

Dungeon Overview and Level Annotations

Branches:
Dungeon (5/15)
 Temple: D:4-7

Altars:
Elyvilon
Gozag
Trog

Shops:
D:4 *

Annotations:
D:2 1 runed door


Innate Abilities, Weirdness & Mutations

You have razor-sharp teeth.
You have supernaturally acute eyesight. (SInv)
You can survive without breathing.


Message History

The gnoll misses you. The gnoll completely misses you.
You closely miss the gnoll. The gnoll barely misses you.
The gnoll hits you from afar with a halberd.
* * * LOW HITPOINT WARNING * * *
The gnoll closely misses you. The gnoll completely misses you. x3
The gnoll closely misses you. The gnoll completely misses you.
The gnoll closely misses you. The gnoll barely misses you.
You hit the gnoll.
The gnoll is moderately wounded.
The gnoll hits you with a spear.
* * * LOW HITPOINT WARNING * * *
The gnoll hits you but does no damage.
You hit the gnoll.
The gnoll is heavily wounded.
The gnoll hits you with a spear!
* * * LOW HITPOINT WARNING * * *
The gnoll hits you from afar with a spear!
You die...

........#.#.....#+###.##.......
..........'.................#.#
..........#........##.......#.#
##.....####........##########.###
##.....# #....>#..# ...........
.......# #....g#..# ######.###
.......# #####g#..#.# #...###
%......# ###g#..#.######...+..
[......# #...@..#.##.......###
.....#### #.#.#..#.##.......##.
........# #.#.##.#.##.......##.
####.##.# #.#.##.#.#...........
.# #.##.# #.#.##.#.#.....#####.
.# #.##.# #.#......#.....'...#.
.# #.##.# #.#.####.#.....#...#.
.# #.##.# #.#......#.....#.###.
.# #.##.# #..............#...


You could see 3 gnolls.

Vanquished Creatures
  A phantom (D:4)
  A scorpion (D:4)
  2 orc wizards
  An orc priest (D:3)
  Jessica (D:2)
  Natasha (thrice) (D:2)
  A worker ant (D:4)
  Robin (D:2)
  6 adders
  4 gnolls
  2 adder skeletons (D:4)
  3 worms
  A dart slug (D:1)
  3 leopard geckos
  6 orcs
  3 ball pythons
  4 bats
  3 giant cockroaches (D:3)
  16 goblins
  11 hobgoblins
  15 jackals
  A quokka (D:4)
  6 frilled lizards
  8 kobolds
  4 rats
107 creatures vanquished.

Vanquished Creatures (others)
  A fungus (D:2)
1 creature vanquished.

Grand Total: 108 creatures vanquished

Notes
Turn   | Place    | Note
-------+----------+-------------------------------------------
     0 | D:1      | Foic the Vampire Assassin began the quest for the Orb.
     0 | D:1      | Reached XP level 1. HP: 16/16 MP: 1/1
    15 | D:1      | Reached skill level 6 in Stealth
   399 | D:1      | Reached XP level 2. HP: 3/22 MP: 2/2
  1061 | D:1      | Reached skill level 7 in Stealth
  1440 | D:1      | Reached XP level 3. HP: 16/27 MP: 3/3
  1846 | D:2      | Found a white marble altar of Elyvilon.
  2022 | D:2      | Noticed Natasha
  2030 | D:2      | Killed Natasha
  2030 | D:2      | Reached skill level 1 in Armour
  2030 | D:2      | Reached XP level 4. HP: 20/33 MP: 4/4
  2788 | D:2      | Noticed Natasha
  2800 | D:2      | Killed Natasha
  2863 | D:2      | Found a runed door.
  2890 | D:2      | Noticed Robin
  2908 | D:2      | Killed Robin
  2908 | D:2      | Reached XP level 5. HP: 24/38 MP: 5/5
  3041 | D:2      | Reached skill level 8 in Stealth
  3331 | D:2      | Noticed Jessica
  3338 | D:2      | Killed Jessica
  3506 | D:2      | Found an opulent altar of Gozag.
  3508 | D:2      | Noticed Natasha
  3520 | D:2      | Killed Natasha
  4083 | D:3      | HP: 1/39 [orc wizard/puff of flame (6)]
  4421 | D:3      | Reached XP level 6. HP: 46/46 MP: 6/6
  5250 | D:3      | Reached skill level 9 in Stealth
  6392 | D:4      | Found a bloodstained altar of Trog.
  6456 | D:4      | Reached XP level 7. HP: 32/51 MP: 7/7
  6643 | D:4      | Found Molo's General Store.
  6651 | D:4      | Bought a scroll of identify for 20 gold pieces
  6816 | D:5      | Entered Level 5 of the Dungeon
  6915 | D:4      | Slain by a gnoll

Vault maps used:
D:1:      dpeg_arrival_court
D:2:      wad_pebble_path, lemuel_crystal_altar, first_ration,
          nicolae_gozag_seed_capital, uniq_natasha, uniq_robin,
          uniq_crazy_yiuf_cottage, uniq_jessica
D:4:      okawaru_ov_weapons_minmay, kennysheep_mini_moat, serial_shops,
          nicolae_shop_competitors_out_of_business

Skill      XL: |  1  2  3  4  5  6 |
---------------+-------------------+-----
Stealth        | 6 7 8 9 |  9.7
Fighting       | 2 |  2.7
Armour         | 1 2 |  2.2
Short Blades   | 3 4 |  4.3
Dodging        | 2 |  2.6
Throwing       | |  1.7

Action                   |  1- 3 |  4- 6 |  7- 9 || total
-------------------------+-------+-------+-------++-------
Melee: Dagger            |   100 |   290 |    25 ||   415
       Bite              |     8 |    32 |       ||    40
 Fire: Blowgun           |       |     7 |     3 ||    10
  Use: Scroll            |     3 |     2 |     1 ||     6
       Potion            |     2 |    15 |     1 ||    18
 Stab: Sleeping          |     9 |    15 |     1 ||    25
Armor: Leather armour    |    32 |    52 |     8 ||    92
Dodge: Dodged            |    68 |   126 |    53 ||   247

Table legend:
 A = Spawn XP
 B = Non-spawn XP
 C = Spawn XP percentage of total XP
 D = Spawn monster count
 E = Non-spawn monster count
 F = Spawn count percentage of total count
 G = Total turns spent on level
                    A         B        C        D         E        F      G
               +---------+---------+-------+---------+---------+-------+---------
         Total |       0 |     829 |   0.0 |       0 |     107 |   0.0 |  6915
               +---------+---------+-------+---------+---------+-------+---------
           D:1 |       0 |      53 |   0.0 |       0 |      23 |   0.0 |  1861
           D:2 |       0 |     255 |   0.0 |       0 |      35 |   0.0 |  2168
           D:3 |       0 |     200 |   0.0 |       0 |      37 |   0.0 |  1600
           D:4 |       0 |     321 |   0.0 |       0 |      12 |   0.0 |  1211
               +---------+---------+-------+---------+---------+-------+---------
